 Dungeon Crawl Stone Soup version 0.29.0-11-gd7f09526c8 (webtiles) character file.

Game seed: 7023961530884013454

70 karamandi the Ruffian (level 4, -6/35 HPs)
             Began as a Draconian Transmuter on Sept 2, 2022.
             Mangled by an orc
             ... wielding a +0 trident
              (7 damage)
             ... on level 3 of the Dungeon.
             The game lasted 00:07:51 (2383 turns).

karamandi the Ruffian (Draconian Transmuter)        Turns: 2383, Time: 00:07:52

Health: -6/35      AC:  5    Str: 14    XL:     4   Next: 4%
Magic:  7/7        EV: 12    Int: 14    God:
Gold:   91         SH:  0    Dex: 11    Spells: 6/7 levels left

rFire   . . .      SeeInvis .   b - +0 dagger
rCold   . . .      Faith    .   (no shield)
rNeg    . . .      Spirit   .   (body armour unavailable)
rPois   .          Reflect  .   (helmet restricted)
rElec   .          Harm     .   (no cloak)
rCorr   .          Rampage  .   (no gloves)
Will    .....                   (no boots)
Stlth   +.........              (no amulet)
HPRegen 0.11/turn               (no ring)
MPRegen 0.10/turn               (no ring)

@: no status effects
A: AC +5, unfitting armour, cold-blooded
a: no special abilities


You were on level 3 of the Dungeon.
You visited 1 branch of the dungeon, and saw 3 of its levels.

You collected 91 gold pieces.

Inventory:

Hand Weapons
 b - a +0 dagger (weapon)
 i - a +1 whip of venom
Armour
 d - a +0 ring mail
Scrolls
 c - a scroll of teleportation {unknown}
 g - 2 scrolls of identify {unknown}
 j - a scroll of vulnerability {unknown}
Potions
 a - a potion of lignification
 e - a potion of brilliance {unknown}
 f - a potion of berserk rage {unknown}
 h - a potion of mutation {unknown}


   Skills:
 + Level 1.4 Fighting
 + Level 1.0 Short Blades
 + Level 2.3 Dodging
 + Level 0.2 Stealth
 + Level 3.9 Unarmed Combat
 + Level 2.3 Spellcasting
 + Level 2.1 Transmutations


You had 6 spell levels left.
You knew the following spells:

 Your Spells              Type           Power      Damage    Failure   Level
a - Beastly Appendage     Tmut           14%        N/A       10%         1

Your spell library contained the following spells:

 Spells                   Type           Power      Damage    Failure   Level
 Wereblood                Tmut           7%         N/A       14%         2
 Sting                    Tmut/Pois      16%        1d3       16%         1
 Poisonous Vapours        Pois/Air       2%         N/A       34%         2
 Spider Form              Tmut/Pois      4%         N/A       41%         3
 Ice Form                 Ice/Tmut       4%         N/A       83%         4
 Olgreb's Toxic Radiance  Pois           1%         N/A       92%         4


Dungeon Overview and Level Annotations

Branches:
Dungeon (3/15)

Altars:


Innate Abilities, Weirdness & Mutations

Your plain brown scales are hard. (AC +5)
You cannot fit into any form of body armour.
You are cold-blooded and may be slowed by cold attacks.


Message History

The orc hits you with a +0 short sword.
You hit the orc but do no damage. Your punch misses the orc.
The orc is heavily wounded.
The orc barely misses you.
You hit the orc.
The orc is almost dead.
The orc barely misses you. The orc hits you but does no damage.
You barely miss the orc.
The orc is almost dead.
The rat misses you.
An orc priest comes into view. It is wielding a +0 whip.
The orc barely misses you.
The orc hits you from afar with a +0 trident.
You hit the orc but do no damage.
The orc is almost dead.
The rat misses you.
The orc priest invokes the aid of Beogh against you.
Beogh smites you!
* * * LOW HITPOINT WARNING * * *
The orc barely misses you. The orc misses you.
You closely miss the orc.
The orc is severely wounded.
The orc hits you but does no damage. x2; The rat closely misses you.
You barely miss the orc.
The orc is severely wounded.
The rat bites you.
* * * LOW HITPOINT WARNING * * *
The orc hits you but does no damage. The orc barely misses you.
You hit the orc but do no damage.
The orc is severely wounded.
The orc closely misses you. The orc hits you but does no damage.
The rat bites you.
* * * LOW HITPOINT WARNING * * *
You hit the orc.
You kill the orc!
The rat bites you but does no damage.
The orc priest looks satisfied for a moment.
The orc barely misses you.
The orc hits you from afar with a +0 trident!
You die...

#.# #.#.# #
#?#.####### #.
##.#.#.....
###.###.........#
##........#.#.##.###.
....(.?.....#.....)..
#.####..............
#.@.........#.#
#r###.##)#.>#.#
.oo##...#.#....#
##.........#..# #
#.###...#.#.##.##.#
.. #..##..#......#
#.. #.#####.# #.< #.
#.# # #.#


You could see an orc priest, an orc and a rat.

Vanquished Creatures
  2 adders (D:2)
  2 orcs (D:3)
  2 endoplasms
  3 giant cockroaches
  3 goblins
  4 hobgoblins
  4 jackals (D:2)
  2 kobolds (D:2)
  5 quokkas (D:1)
  7 ball pythons
  4 bats
  3 frilled lizards
  5 rats
46 creatures vanquished.

Vanquished Creatures (others)
  3 plants (D:2)
  4 withered plants (D:1)
7 creatures vanquished.

Grand Total: 53 creatures vanquished

Notes
Turn   | Place    | Note
-------+----------+-------------------------------------------
     0 | D:1      | karamandi the Draconian Transmuter began the quest for the
                  | Orb.
     0 | D:1      | Reached XP level 1. HP: 16/16 MP: 3/3
    99 | D:1      | Found a faded altar of an unknown god.
   255 | D:1      | Reached XP level 2. HP: 14/23 MP: 5/5
  1128 | D:2      | Reached XP level 3. HP: 28/28 MP: 6/6
  2355 | D:3      | Reached skill level 1 in Short Blades
  2366 | D:3      | Reached XP level 4. HP: 26/35 MP: 7/7
  2381 | D:3      | HP: 1/35 [rat (2)]
  2383 | D:3      | Mangled by an orc

Illustrated notes

Levels and vault maps discovered:
D:1:      lightli_arrival_quake, layout_basic,
          shapermc_ecumenical_altar_flowoftime
D:2:      layout_loops_ring, serial_forest, infiniplex_forest_clump_large,
          infiniplex_forest_lined_room_3, infiniplex_forest_diagonal,
          infiniplex_forest_straight_2, infiniplex_forest_clump_tiny,
          infiniplex_forest_end_3, infiniplex_forest_clump_cross,
          infiniplex_forest_corner_2, chequers_serial_rivers_room_a
D:3:      layout_loops_ring, zin_statuary

Skill      XL: |  1  2  3 |
---------------+----------+-----
Dodging        | 2 |  2.3
Short Blades   | 1 |  1.0
Fighting       | |  1.4
Stealth        | |  0.2
Unarmed Combat | |  3.9
Spellcasting   | |  2.3
Transmutations | |  2.1

Action                   |  1- 3 |  4- 6 || total
-------------------------+-------+-------++-------
Melee: Dagger            |   265 |    13 ||   278
       Tailslap          |    41 |       ||    41
       Punch             |    10 |       ||    10
Armor: Skin              |    85 |     7 ||    92
Dodge: Dodged            |   170 |    16 ||   186
